 Dungeon Crawl Stone Soup version 0.31-a0-1447-g87ca8d402b (webtiles) character file.

Game seed: 13226102088924303725

243 Sonofthefire the Trooper (level 6, -2/46 HPs)
             Began as an Octopode Shapeshifter on Dec 27, 2023.
             Incinerated by a bombardier beetle (4 damage)
             ... with a burning spray
             ... on level 4 of the Dungeon.
             The game lasted 00:03:23 (2104 turns).

Sonofthefire the Trooper (Octopode Shapeshifter)    Turns: 2104, Time: 00:03:23

Health: -2/46      AC:  1    Str: 13 (15) XL:     6   Next: 9%
Magic:  6/6        EV: 13    Int: 11 (13) God:
Gold:   146        SH:  0    Dex: 16 (17) Spells: 5/5 levels left

rFire   . .          .
                       - Unarmed
rCold   . . .        (no shield)
rNeg    . . .        (helmet currently unavailable)
rPois   .            d - amulet of regeneration
rElec   .            h - +4 ring of slaying
rCorr   .            p - +6 ring of dexterity
SInv    .            (no ring)
Will    .....        (no ring)
Stlth   +            (no ring)
HPRegen 1.07/turn    (no ring)
MPRegen 0.10/turn    (no ring)
                     (no ring)

%: no passive effects
@: on fire, beast-form, glowing
A: beast (slay +1), almost no armour, amphibious, 8 rings, camouflage 1,
gelatinous body 1, (nimble swimmer 1), tentacles, screaming 1
a: Begin Untransformation


You were on level 4 of the Dungeon.
You were a hulking beast.
You visited 1 branch of the dungeon, and saw 4 of its levels.

You collected 146 gold pieces.

Inventory:

Jewellery
 d - an amulet of regeneration (around mantle)
 h - a +4 ring of slaying (left tentacle)
 j - an amulet of guardian spirit
 p - a +6 ring of dexterity (right tentacle)
Talismans
 b - a beast talisman
 c - a flux talisman
Scrolls
 e - a scroll of enchant weapon {unknown}
 i - a scroll of fog {unknown}
 k - a scroll of enchant armour {unknown}
 l - 2 scrolls of revelation {unknown}
 m - 2 scrolls of identify {unknown}
 n - a scroll of fear {unknown}
 q - a scroll of teleportation {unknown}
 r - a scroll of silence {unknown}
 s - a scroll of blinking {unknown}
Potions
 a - 2 potions of lignification
 g - 2 potions of mutation
 o - a potion of enlightenment {unknown}


   Skills:
 + Level 5.9 Fighting
 - Level 2.0 Dodging
 - Level 3.0 Unarmed Combat
 - Level 3.0 Shapeshifting


You had 5 spell levels left.
You didn't know any spells.
Your spell library contained the following spells:

 Spells                   Type           Power      Damage    Failure   Level
 Magic Dart               Conj           0%         1d3       34%         1
 Blink                    Tloc           0%         N/A       47%         2
 Call Imp                 Summ           0%         N/A       47%         2
 Searing Ray              Conj           0%         2d4       47%         2
 Summon Ice Beast         Ice/Summ       0%         N/A       71%         3
 Fulminant Prism          Conj/Alch      0%         3d5       98%         4
 Summon Mana Viper        Hex/Summ       0%         N/A       100%        5
 Monstrous Menagerie      Summ           0%         N/A       100%        7


Dungeon Overview and Level Annotations

Branches:
Dungeon (4/15)
 Temple: D:4-7

Altars:
Cheibriados
Kikubaaqudgha
Nemelex Xobeh
Yredelemnul


Innate Abilities, Weirdness & Mutations

You are a hulking beast.
Your limbs bulge with bestial killing power. (Slay +1)
You cannot wear most types of armour.
You are amphibious.
You can wear up to eight rings at the same time.
Your skin changes colour to match your surroundings (Stealth+).
Your rubbery body absorbs attacks. (AC +1, EV +1)
((You are camouflaged when in or above water. (Stealth+)))
You have tentacles for arms and can constrict up to eight enemies at once.
You occasionally shout uncontrollably at your foes.


Message History

The liquid fire burns you!
You constrict the adder.
You kill the adder!
You feel sick.
It was a potion of mutation.
You feel extremely strange.
You feel the urge to shout. The liquid fire burns you!
You feel sick.
You shake off some of the fire as you move.
The liquid fire burns you!
You feel sick.
You are no longer poisoned.
You closely miss the bombardier beetle. You grab the bombardier beetle.
You hear the slow hiss of a very distant avalanche of sand.
The liquid fire burns you!
You constrict the bombardier beetle, but do no damage.
You tentacle-slap the bombardier beetle.
The bombardier beetle is lightly wounded.
The liquid fire burns you!
* * * LOW HITPOINT WARNING * * *
You constrict the bombardier beetle. The bombardier beetle bites you.
* * * LOW HITPOINT WARNING * * *
You tentacle-slap the bombardier beetle.
Your squeeze misses the bombardier beetle.
The bombardier beetle is heavily wounded.
The liquid fire burns you!
* * * LOW HITPOINT WARNING * * *
You constrict the bombardier beetle.
Unknown command.
You tentacle-slap the bombardier beetle.
The bombardier beetle is severely wounded.
The liquid fire burns you!
* * * LOW HITPOINT WARNING * * *
You constrict the bombardier beetle.
The bombardier beetle sprays incendiary fluid at you.
The burning spray misses you.
It was a potion of degeneration.
There was something very wrong with that liquid.
You feel weakened.
You feel dopey.
You feel clumsy. The liquid fire burns you!
You die...

##. ...######
...........#....§≈
##.#.....§.....≈≈≈.
......_...≈≈≈≈≈...
#.§§≈..!≈≈≈......§
#.§≈§≈§§≈......≈≈≈ #
#.§..≈≈≈...§≈§§≈≈§
#.#h≈..§.§.≈≈≈§≈≈...
.#.#.B.≈≈≈...§≈≈.......
..........§≈§§≈...####.#
.....####....§§.### #.#
..... #.#.##.#######.#
.... ...............>#
... ###.............##
... #....#.######.##
#...>#.#...)..##


You could see a bombardier beetle.

Vanquished Creatures
  A jelly (D:2)
  A bombardier beetle (D:3)
  Crazy Yiuf (D:2)
  An orc priest (D:4)
  Natasha (D:2)
  An orc wizard (D:3)
  2 adders
  A worm (D:3)
  2 dart slugs
  5 orcs
  4 bats
  4 endoplasms
  3 giant cockroaches
  4 goblins
  4 hobgoblins
  2 quokkas
  6 ball pythons
  A frilled lizard (D:3)
  5 kobolds
  3 rats
52 creatures vanquished.

Notes
Turn   | Place    | Note
-------+----------+-------------------------------------------
     0 | D:1      | Sonofthefire the Octopode Shapeshifter began the quest for
                  | the Orb.
     0 | D:1      | Reached XP level 1. HP: 13/13 MP: 1/1
   291 | D:1      | Reached skill level 2 in Fighting
   291 | D:1      | Reached XP level 2. HP: 19/19 MP: 2/2
   628 | D:2      | Noticed Natasha
   636 | D:2      | Killed Natasha
   637 | D:2      | Reached skill level 3 in Fighting
   637 | D:2      | Reached XP level 3. HP: 19/26 MP: 3/3
   891 | D:2      | Found a runed translucent door.
   894 | D:2      | Noticed Crazy Yiuf
  1123 | D:2      | Killed Crazy Yiuf
  1124 | D:2      | Reached skill level 4 in Fighting
  1124 | D:2      | Reached XP level 4. HP: 33/33 MP: 4/4
  1169 | D:2      | Identified the +1 hammer of Rotsol {spect, Int+2}
  1440 | D:3      | Found a sparkling altar of Nemelex Xobeh.
  1449 | D:3      | Found a basalt altar of Yredelemnul.
  1453 | D:3      | Reached XP level 5. HP: 38/38 MP: 5/5
  1570 | D:3      | Reached skill level 5 in Fighting
  2060 | D:4      | Reached XP level 6. HP: 46/46 MP: 6/6
  2067 | D:4      | Found a snail-covered altar of Cheibriados.
  2083 | D:4      | Found an ancient bone altar of Kikubaaqudgha.
  2098 | D:4      | Gained mutation: You occasionally shout uncontrollably at
                  | your foes. [potion of mutation]
  2103 | D:4      | HP: 1/46 [burnt (4)]
  2104 | D:4      | Incinerated by a bombardier beetle

Illustrated notes

Levels and vault maps discovered:
D:1:      elethiomel_arrival_infinity_welcomes_careful_drivers, layout_basic,
          bh_walls_and_bars
D:2:      layout_basic, uniq_natasha, uniq_crazy_yiuf_cottage
D:3:      layout_loops_ring, grunt_temple_overflow_open,
          nicolae_twisty_statue_hallways
D:4:      layout_basic, xom_teletrap_fun, mainiacjoe_overflow_catch_the_wave,
          enter_ossuary_1, kennysheep_generic_room_11, uniq_robin

Skill      XL: |  1  2  3  4  5 |
---------------+----------------+-----
Fighting       | 2 3 4 5 |  5.9
Dodging        | |  2.0
Unarmed Combat | |  3.0
Shapeshifting  | |  3.0

Action                     |  1- 3 |  4- 6 || total
---------------------------+-------+-------++-------
  Melee: Unarmed           |    55 |    55 ||   110
         Constrict         |    12 |    14 ||    26
         Tentacles         |     5 |    10 ||    15
         Punch             |     3 |     3 ||     6
    Use: Potion            |     1 |     2 ||     3
   Stab: Sleeping          |     2 |     4 ||     6
 Armour: Skin              |    23 |    17 ||    40
  Dodge: Dodged            |    23 |    27 ||    50

Table legend: (Time is in decaauts)
 A = Elapsed time spent in this place.
 B = Non-inter-level travel time spent in this place.
 C = Inter-level travel time spent in this place.
 D = Time resting spent in this place.
 E = Time spent auto-exploring this place.
 F = Levels seen in this place.
 G = Mean time per level.
                   A        B        C        D        E       F      G
               +--------+--------+--------+--------+--------+-----+--------+
         Total |   2096 |   1939 |    157 |     82 |   1500 |   4 |  524.0 |
       Dungeon |   2096 |   1939 |    157 |     82 |   1500 |   4 |  524.0 |
               +--------+--------+--------+--------+--------+-----+--------+

Top non-repeatable levels by time:
     D:2: 801 daAuts
     D:3: 627 daAuts
     D:1: 613 daAuts
     D:4: 53 daAuts
